 Dungeon Crawl Stone Soup version 0.25-a0-1130-g3926558f3a (webtiles) character file.

Game seed: 1078444931448245705, levelgen mode: deterministic

7736 Lanoc the Cruncher (level 11, -1/130 HPs)
             Began as a Formicid Fighter on May 20, 2020.
             Was an Elder of Wu Jian.
             Slain by a killer bee (11 damage)
             ... on level 10 of the Dungeon.
             The game lasted 00:19:02 (11720 turns).

Lanoc the Cruncher (Formicid Fighter)              Turns: 11720, Time: 00:19:03

Health: -1/130     AC: 25    Str: 16 (20) XL:     11   Next: 42%
Magic:  11/11      EV:  2    Int: 13 (17) God:    Wu Jian [****..]
Gold:   441        SH: 13    Dex: 10 (13) Spells: 10/10 levels left

rFire    . . .     SeeInvis .   a - +1 quarterstaff (elec)
rCold    . . .     Gourm    .   c - +2 kite shield
rNeg     + + +     Faith    .   (armour currently unavailable)
rPois    +         Spirit   .   (helmet unavailable)
rElec    .         Reflect  .   (cloak currently unavailable)
rCorr    .         Harm     .   (gloves currently unavailable)
MR       +....                  (boots currently unavailable)
Stlth    +.........             t - amulet of magic regeneration
HPRegen  0.31/turn              u - +6 ring of intelligence
MPRegen  0.37/turn              (no ring)

@: mighty, tree-form
A: permanent stasis, dig shafts and tunnels, four strong arms, clever 1
a: Wall Jump, Serpent's Lash, Renounce Religion


You were on level 10 of the Dungeon.
You worshipped Wu Jian.
Wu Jian was greatly pleased with you.
You were not hungry.
You were a tree.
You visited 2 branches of the dungeon, and saw 12 of its levels.
You also visited: Sewer.

You collected 441 gold pieces.

Inventory:

Hand Weapons
 a - a +1 quarterstaff of electrocution (weapon)
 C - the +8 short sword "Jenna" {drain, Int+8}
   (You found it on level 6 of the Dungeon)

   A truly terrible weapon, it drains the life of those it strikes.
   It affects your intelligence (+8).
Missiles
 o - 10 poisoned darts (quivered)
Armour
 c - a +2 kite shield (worn)
 y - a +2 pair of boots of stealth (melded)
 E - a +0 plate armour (melded)
Jewellery
 t - an amulet of magic regeneration (around neck)
 u - a +6 ring of intelligence (left branch)
Wands
 j - a wand of iceblast (27)
 m - a wand of acid (7)
 z - a wand of polymorph (9)
 D - a wand of disintegration (16)
Scrolls
 e - 5 scrolls of fog
 i - 13 scrolls of identify
 k - 5 scrolls of remove curse
 l - 2 scrolls of immolation
 r - 8 scrolls of magic mapping
Potions
 d - a potion of might
 n - a potion of curing
 s - 2 potions of cancellation
 B - a potion of resistance
Comestibles
 b - 2 chunks of flesh
 f - 12 rations


   Skills:
 + Level 8.3 Fighting
 * Level 10.2 Staves
 + Level 8.3 Armour
 + Level 6.1 Dodging
 - Level 9.0 Shields


You had 10 spell levels left.
You didn't know any spells.
Your spell library contained the following spells:

 Spells                   Type           Power        Failure   Level  Hunger
 Animate Skeleton         Necr           N/A          30%         1    ##.....
 Apportation              Tloc           #.....       30%         1    ##.....
 Corona                   Hex            #......      30%         1    ##.....
 Freeze                   Ice            #...         30%         1    ##.....
 Summon Small Mammal      Summ           #...         30%         1    ##.....
 Confusing Touch          Hex            #.......     67%         3    ####...
 Frozen Ramparts          Ice            #.....       67%         3    ####...
 Gell's Gravitas          Tloc           #.........   67%         3    ####...
 Ozocubu's Armour         Chrm/Ice       #.......     67%         3    ####...
 Hailstorm                Conj/Ice       #.......     97%         4    #####..
 Petrify                  Tmut/Erth      #.......     97%         4    #####..
 Summon Ice Beast         Ice/Summ       #.......     97%         4    #####..
 Metabolic Englaciation   Hex/Ice        #.........   100%        5    ######.
 Yara's Violent Unravell  Hex/Tmut       #.........   100%        5    ######.


Dungeon Overview and Level Annotations

Branches:
Dungeon (11/15)            Temple (1/1) D:4             Orc (0/2) D:10
  Sewer (visited)
   Lair: D:8-11

Altars:
Ashenzari
Cheibriados
Dithmenos
Elyvilon
Fedhas
Gozag
Hepliaklqana
Kikubaaqudgha
Makhleb
Nemelex Xobeh
Okawaru
Qazlal
Ru
Sif Muna
Trog
Uskayaw
Vehumet
Wu Jian
Xom
Yredelemnul
Zin
The Shining One
Beogh

Shops:
D:8 *

Annotations:
D:9 1 runed translucent door, Nattefrost's ghost, journeyman HuMo


Innate Abilities, Weirdness & Mutations

You cannot be hasted, slowed, berserked, paralysed or teleported.
You can dig through walls and to a lower floor.
Your four strong arms can wield two-handed weapons with a shield.
((You have a pair of large antennae on your head. (SInv)))
Your mind is acute. (Int +2)
((Your flesh is heat resistant. (rF+)))


Message History

The killer bee stings you but does no damage. x3
You block the killer bee's attack. x2
Unknown command.
You feel better. You block the killer bee's attack. The killer bee stings you!
* * * LOW HITPOINT WARNING * * *
The killer bee stings you but does no damage.
You block the killer bee's attack. x2
The killer bee stings you but does no damage. x3
You block the killer bee's attack. The killer bee stings you.
* * * LOW HITPOINT WARNING * * *
The killer bee stings you but does no damage. x2
Unknown command.
You feel better.
The killer bee stings you but does no damage. x4
You block the killer bee's attack.
The killer bee stings you but does no damage.
You block the killer bee's attack. x2
The killer bee stings you but does no damage. x2
The killer bee barely misses you. The killer bee stings you!
You die...

................<.............#
...########...................#
...#{ { #.......######......#
##.# #.......# #......# #.#
#.......# #......# #.#
#.......# #......# #.#
#.......# #......#
#.......######......#
#....y♣...........### . {
#...†yyy..........#
..###+####.................#
......................######
..........††.......†..#
......................#
......................#
...............y......#
###..........######...#


You could see a queen bee (fleeing) and 4 killer bees.

Vanquished Creatures
  Gastronok (D:9)
  Erolcha (D:9)
  A komodo dragon (D:10)
  A kobold demonologist (D:10)
  A hungry ghost (D:8)
  5 orc warriors
  3 ice beasts
  An ogre (D:5)
  2 sky beasts
  A phantom (D:4)
  A centaur (D:5)
  2 big kobolds
  A wyvern zombie (D:6)
  4 bullfrogs
  A wyvern skeleton (D:9)
  A water moccasin skeleton (D:5)
  6 scorpions
  3 wights (D:6)
  20 killer bees
  5 crimson imps
  A centaur zombie (D:10)
  8 orc priests
  2 jellies
  3 bullfrog skeletons
  5 hounds
  7 orc wizards
  2 centaur skeletons
  3 iguanas
  5 worker ants
  A hound skeleton (D:8)
  A howler monkey skeleton (D:8)
  14 adders
  6 river rats (Sewer)
  A shadow imp (D:8)
  2 oozes
  3 worms
  9 leopard geckos
  55 orcs
  9 bats
  5 giant cockroaches
  6 goblins
  8 hobgoblins
  17 jackals
  11 kobolds
  2 quokkas
  11 ball pythons
  7 frilled lizards
  28 rats
293 creatures vanquished.

Notes
Turn   | Place    | Note
-------+----------+-------------------------------------------
     0 | D:1      | Lanoc the Formicid Fighter began the quest for the Orb.
     0 | D:1      | Reached XP level 1. HP: 18/18 MP: 1/1
    92 | D:1      | Reached XP level 2. HP: 23/24 MP: 2/2
   315 | D:1      | Reached XP level 3. HP: 11/29 MP: 3/3
  1154 | D:2      | Found a white marble altar of Elyvilon.
  1281 | D:2      | Reached skill level 1 in Dodging
  1281 | D:2      | Reached XP level 4. HP: 33/37 MP: 4/4
  1693 | D:3      | Reached skill level 3 in Staves
  1748 | D:3      | Reached XP level 5. HP: 27/42 MP: 5/5
  2245 | D:3      | Found a sparkling altar of Nemelex Xobeh.
  2898 | D:3      | Reached XP level 6. HP: 20/48 MP: 6/6
  3089 | D:4      | Noticed a phantom
  3124 | D:4      | Killed a phantom
  3124 | D:4      | Reached skill level 4 in Staves
  3364 | D:4      | Found a staircase to the Ecumenical Temple.
  3371 | Temple   | Entered the Ecumenical Temple
  3431 | Temple   | Became a worshipper of the Wu Jian Council
  3463 | D:4      | Reached XP level 7. HP: 53/55 MP: 7/7
  3845 | D:5      | Entered Level 5 of the Dungeon
  3874 | D:5      | Reached skill level 5 in Shields
  4098 | D:5      | Reached skill level 5 in Staves
  4101 | D:5      | Found a glowing drain.
  4145 | Sewer    | Entered a sewer
  4285 | Sewer    | Reached * piety under Wu Jian
  4560 | Sewer    | Reached XP level 8. HP: 55/61 MP: 8/8
  4631 | Sewer    | Reached skill level 5 in Armour
  4758 | Sewer    | Reached ** piety under Wu Jian
  4758 | Sewer    | Reached skill level 5 in Fighting
  5774 | D:6      | Found a stormy altar of Qazlal.
  5818 | D:6      | Got a translucent short sword
  5821 | D:6      | Identified the +8 short sword "Jenna" {drain, Int+8} (You
                  | found it on level 6 of the Dungeon)
  5937 | D:6      | Found a shadowy altar of Dithmenos.
  5938 | D:6      | Found a bloodstained altar of Trog.
  5963 | D:6      | Reached skill level 6 in Staves
  6176 | D:6      | Reached XP level 9. HP: 63/68 MP: 9/9
  6233 | D:6      | Found a sacrificial altar of Ru.
  6257 | D:6      | Found a radiant altar of Vehumet.
  6943 | D:7      | Reached *** piety under Wu Jian
  6946 | D:7      | HP: 1/69 [orc warrior/+0 trident (18)]
  6964 | D:7      | Reached skill level 7 in Staves
  7539 | D:7      | Found a blossoming altar of Fedhas.
  8313 | D:8      | Found a glowing silver altar of Zin.
  8647 | D:8      | Found Zin's Purification Station.
  8831 | D:8      | HP: 3/71 [orc priest/divine providence (11)]
  8841 | D:8      | Reached skill level 8 in Staves
  8841 | D:8      | Reached XP level 10. HP: 25/77 MP: 10/10
  9430 | D:9      | Noticed Gastronok
  9703 | D:9      | Noticed Erolcha
  9905 | D:9      | Killed Erolcha
  9905 | D:9      | Reached skill level 5 in Dodging
 10123 | D:9      | Killed Gastronok
 10123 | D:9      | Reached skill level 9 in Staves
 10123 | D:9      | Reached XP level 11. HP: 61/85 MP: 11/11
 10888 | D:9      | Reached **** piety under Wu Jian
 10890 | D:9      | Found a runed translucent door.
 10890 | D:9      | Noticed Nattefrost's ghost (journeyman HuMo)
 11064 | D:10     | Entered Level 10 of the Dungeon
 11344 | D:10     | Gained mutation: Your body sometimes deteriorates upon
                  | taking damage. [a neqoxec]
 11350 | D:10     | Gained mutation: You are weak. (Str -2) [a neqoxec]
 11352 | D:10     | Reached skill level 10 in Staves
 11381 | D:10     | Found a staircase to the Orcish Mines.
 11420 | D:11     | Lost mutation: You are weak. (Str -2) [potion of mutation]
 11420 | D:11     | Lost mutation: Your body sometimes deteriorates upon taking
                  | damage. [potion of mutation]
 11420 | D:11     | Gained mutation: Your mind is acute. (Int +2) [potion of
                  | mutation]
 11420 | D:11     | Gained mutation: Your flesh is heat resistant. (rF+)
                  | [potion of mutation]
 11545 | D:10     | Found a roughly hewn altar of Beogh.
 11719 | D:10     | HP: 3/130 [killer bee (6)]
 11720 | D:10     | Slain by a killer bee

Illustrated notes

Levels and vault maps discovered:
D:1:      tarquinn_simple_flora_water_e, layout_basic
D:2:      minmay_evil_eye, layout_loops_corners, elyvilon_altar_4,
          uniq_crazy_yiuf_cottage
D:3:      layout_loops_ring, nemelex_xobeh_ov_fountains_minmay, first_ration
D:4:      layout_rooms, minmay_temple_entry_drinking_statues
D:5:      layout_basic, portal_sewer_entry_f
D:6:      layout_basic, nicolae_ru_the_path_less_chosen,
          gammafunk_temple_overflow_statue, lemuel_round_altar,
          nicolae_overflow_crystal_walls
D:7:      layout_layer_cave, nicolae_overflow_hidden_temple,
          corexii_hall_statues_x
D:8:      layout_gridville, zin_purify
D:9:      layout_big_octagon, gammafunk_ghost_grave, uniq_gastronok,
          uniq_erolcha
D:10:     layout_irregular_city, david_orc_5, david_nohive_1
D:11:     layout_stronghold, lair_entry_dummy, uniq_psyche
Temple:   dshaligram_water_room_temple

Skill      XL: |  1  2  3  4  5  6  7  8  9 10 11 |
---------------+----------------------------------+-----
Shields        | 4 5 6 7 8 9 |  9.0
Dodging        | 1 2 3 4 5 6 |  6.1
Staves         | 3 4 5 6 8 9 10 | 10.2
Armour         | 4 5 6 7 8 |  8.3
Fighting       | 4 5 6 7 8 |  8.3

Action                   |  1- 3 |  4- 6 |  7- 9 | 10-12 || total
-------------------------+-------+-------+-------+-------++-------
Melee: Quarterstaff      |   113 |   206 |   502 |   323 ||  1144
Throw: Dart              |       |       |       |    10 ||    10
Invok: Whirlwind         |       |       |    13 |    97 ||   110
       Lunge             |       |       |    20 |    17 ||    37
 Abil: Dig               |       |     2 |     2 |     1 ||     5
  Use: Scroll            |       |       |    13 |     7 ||    20
       Potion            |       |       |     8 |    14 ||    22
  Eat: Chunk             |     1 |     6 |    13 |     5 ||    25
       Ration            |       |       |     3 |     1 ||     4
Armor: Scale mail        |    69 |    75 |   136 |       ||   280
       Skin              |       |       |    60 |    48 ||   108
       Plate armour      |       |       |    39 |   138 ||   177
Dodge: Dodged            |    53 |    57 |   166 |    84 ||   360
Block: Kite shield       |    67 |    87 |   278 |   242 ||   674

Table legend:
 A = Non-vault XP
 B = Vault XP
 C = Vault XP percentage of total XP
 D = Non-vault monster count
 E = Vault monster count
 F = Vault count percentage of total count
                 A         B        C        D         E       F
            +---------+---------+-------+---------+---------+-------
      Total |    6557 |    4495 |  40.7 |     208 |      85 |  29.0
            +---------+---------+-------+---------+---------+-------
        D:1 |      43 |       0 |   0.0 |      25 |       0 |   0.0
        D:2 |      55 |       3 |   5.2 |      12 |       2 |  14.3
        D:3 |     168 |       0 |   0.0 |      37 |       0 |   0.0
        D:4 |     334 |       0 |   0.0 |      16 |       0 |   0.0
        D:5 |     475 |      11 |   2.3 |      16 |       4 |  20.0
        D:6 |     709 |       0 |   0.0 |      20 |       0 |   0.0
        D:7 |     677 |       0 |   0.0 |      17 |       0 |   0.0
        D:8 |    1648 |       0 |   0.0 |      23 |       0 |   0.0
        D:9 |    1513 |    3163 |  67.6 |      31 |       2 |   6.1
       D:10 |     935 |     939 |  50.1 |      11 |      28 |  71.8
       D:11 |       0 |       3 | 100.0 |       0 |       1 | 100.0
      Sewer |       0 |     376 | 100.0 |       0 |      48 | 100.0
            +---------+---------+-------+---------+---------+-------
